 Dungeon Crawl Stone Soup version 0.29.1-2-gbd0b4ee654 (webtiles) character file.

Game seed: 1776655099442081663

91 Ackmard the Magician (level 4, -1/31 HPs)
             Began as a Djinni Hedge Wizard on Nov 11, 2022.
             Slain by a gnoll
             ... wielding a +0 club
              (3 damage)
             ... on level 3 of the Dungeon.
             The game lasted 00:05:40 (3557 turns).

Ackmard the Magician (Djinni Hedge Wizard)          Turns: 3557, Time: 00:05:40

Health: -1/31      AC:  3    Str:  9    XL:     4   Next: 87%
Gold:   193        EV: 12    Int: 18    God:
                   SH:  0    Dex: 12

rFire   + + .      SeeInvis .   (no weapon)
rCold   x . .      Faith    .   (no shield)
rNeg    . . .      Spirit   .   b - +0 robe
rPois   ∞          Reflect  .   i - +0 hat
rElec   .          Harm     .   (no cloak)
rCorr   .          Rampage  .   n - +0 pair of gloves
Will    .....                   (boots unavailable)
Stlth   ++........              (no amulet)
HPRegen 0.10/turn               (no ring)
MPRegen 0.00/turn               (no ring)

@: flying
A: sickness immunity, fire resistance 2, cold vulnerability 1, float, innate
caster, HP casting, extra vitality 1
a: no special abilities


You were on level 3 of the Dungeon.
You visited 1 branch of the dungeon, and saw 3 of its levels.

You collected 193 gold pieces.

Inventory:

Armour
 b - a +0 robe (worn)
 i - a +0 hat (worn)
 n - a +0 pair of gloves (worn)
Scrolls
 a - a scroll of teleportation {unknown}
 c - a scroll of silence {unknown}
 d - 2 scrolls of identify {unknown}
 g - 2 scrolls of enchant weapon {unknown}
 l - a scroll of brand weapon {unknown}
Potions
 e - a potion of curing {unknown}
 f - a potion of haste {unknown}
 h - 2 potions of flight {unknown}
 j - a potion of berserk rage {unknown}
 k - a potion of mutation {unknown}
 m - a potion of magic {unknown}


   Skills:
 * Level 2.6 Dodging
 * Level 1.9 Stealth
 * Level 3.8 Spellcasting


You couldn't memorise any spells.
You knew the following spells:

 Your Spells              Type           Power      Damage    Failure   Level
a - Magic Dart            Conj           68%        1d6       3%          1
b - Blink                 Tloc           34%        N/A       4%          2
c - Call Imp              Summ           17%        N/A       4%          2
d - Slow                  Hex            68%        N/A       3%          1
e - Conjure Flame         Conj/Fire      17%        6-21      10%         3
f - Mephitic Cloud        Conj/Pois/Air  17%        N/A       10%         3
g - Sting                 Tmut/Pois      68%        1d6       3%          1
Your spell library was empty.

Dungeon Overview and Level Annotations

Branches:
Dungeon (3/15)

Altars:


Innate Abilities, Weirdness & Mutations

You are immune to sickness and miasma.
You are immune to poison.
Your flesh is very heat resistant. (rF++)
You are vulnerable to cold. (rC-)
You float through the air rather than walking.
You learn spells naturally, not from books.
Your magical power is your life essence.
You have superior vitality. (+4 MHP)


Message History

Confirm with . or Enter, or press ? or * to list all spells.
You blink.
Casting: Blink (safe; 4% risk of failure)
Confirm with . or Enter, or press ? or * to list all spells.
Aiming: Magic Dart (safe; 3% risk of failure)
Press: ? - help, Shift-Dir - straight line, f - gnoll
Aim: a gnoll, wielding a +0 club (100% to hit)
The magic dart hits the gnoll.
The gnoll is moderately wounded.
Casting: Magic Dart (safe; 3% risk of failure)
Confirm with . or Enter, or press ? or * to list all spells.
Aiming: Magic Dart (safe; 3% risk of failure)
Press: ? - help, Shift-Dir - straight line, f/p - gnoll
Aim: a gnoll, wielding a +0 club (moderately wounded, 100% to hit)
You miscast Magic Dart.
You are very lightly contaminated with residual magic.
Nothing appears to happen.
The gnoll hits you with a +0 club.
Casting: Magic Dart (safe; 3% risk of failure)
Confirm with . or Enter, or press ? or * to list all spells.
Aiming: Magic Dart (safe; 3% risk of failure)
Press: ? - help, Shift-Dir - straight line, f/p - gnoll
Aim: a gnoll, wielding a +0 club (moderately wounded, 100% to hit)
The magic dart hits the gnoll.
The gnoll is heavily wounded.
You feel stable enough to blink again. The gnoll barely misses you.
The gnoll attacks as you move away! The gnoll barely misses you.
Your magical contamination has completely faded away.
The gnoll attacks as you move away! The gnoll barely misses you.
The gnoll attacks as you move away! The gnoll barely misses you.
The gnoll attacks as you move away! The gnoll closely misses you.
The gnoll attacks as you move away! The gnoll barely misses you.
The gnoll attacks as you move away! The gnoll hits you with a +0 club.
The gnoll attacks as you move away! The gnoll barely misses you.
The gnoll hits you with a +0 club.
* * * LOW HITPOINT WARNING * * *
The gnoll hits you with a +0 club.
* * * LOW HITPOINT WARNING * * *
The gnoll attacks as you move away! The gnoll hits you with a +0 club.
You die...

..........>........# #...###
...................####...#
...................##....##
.........................#
.........................#
........)..........g(....######
.....)....###............##...##
.............)...g.............#
.............<..@g......)......#
..).........#............###...#
.)........#.#.#...........######
.....<....[..>............#
...............##.........#
...##...####...###.......##
........# #.....##......#
........####...#.........####
........##...#####[...........


You could see 3 gnolls.

Vanquished Creatures
  A gnoll (D:3)
  An adder (D:3)
  A worm (D:2)
  A dart slug (D:2)
  4 orcs (D:3)
  4 ball pythons
  4 bats
  8 endoplasms
  3 giant cockroaches
  8 goblins
  3 hobgoblins
  2 jackals (D:3)
  3 quokkas
  2 frilled lizards (D:2)
  5 kobolds
  6 rats
56 creatures vanquished.

Notes
Turn   | Place    | Note
-------+----------+-------------------------------------------
     0 | D:1      | Ackmard the Djinni Hedge Wizard began the quest for the
                  | Orb.
     0 | D:1      | Ackmard set off with the following spells memorised: Magic
                  | Dart, Blink, Call Imp, Slow, Conjure Flame, Mephitic Cloud.
     0 | D:1      | Reached XP level 1. HP: 15/15 MP: 0/0
   132 | D:1      | Reached XP level 2. HP: 10/21 MP: 0/0
   784 | D:1      | Reached skill level 3 in Spellcasting
   804 | D:1      | Reached XP level 3. HP: 23/25 MP: 0/0
   804 | D:1      | Learned a level 1 spell: Sting
  1575 | D:2      | Found a faded altar of an unknown god.
  1587 | D:2      | Noticed a floating eye
  1587 | D:2      | Noticed a golden eye
  1595 | D:2      | Noticed a golden eye
  1595 | D:2      | Noticed a great orb of eyes
  2288 | D:2      | Reached XP level 4. HP: 2/31 MP: 0/0
  3557 | D:3      | Slain by a gnoll

Illustrated notes

Levels and vault maps discovered:
D:1:      eino_arrival_cavern_b, layout_basic, grunt_decor_junction
D:2:      layout_basic, hellmonk_ecumenical_altar_watching_god, minmay_vboxes
D:3:      layout_rooms, trog_hazing_becter

Skill      XL: |  1  2 |
---------------+-------+-----
Spellcasting   | 3 |  3.8
Dodging        | |  2.6
Stealth        | |  1.9

Action                   |  1- 3 |  4- 6 || total
-------------------------+-------+-------++-------
 Cast: Magic Dart        |    94 |    50 ||   144
       Blink             |     1 |     2 ||     3
Armor: Robe              |     3 |     2 ||     5
Dodge: Dodged            |    11 |    10 ||    21
